 Dungeon Crawl Stone Soup version 0.21-a0-278-ga722497 (webtiles) character file.

7933 tidbits the Fighter (level 11, -2/90 HPs)
             Began as a Pale Draconian Necromancer on Sept 22, 2017.
             Was a Priest of Wu Jian.
             Killed from afar by a rime drake (22 damage)
             ... with a flash freeze
             ... in an ice cave.
             The game lasted 00:42:28 (4634 turns).

tidbits the Fighter (Pale Draconian Necromancer)    Turns: 4634, Time: 00:42:28

Health: -2/90      AC: 10    Str: 18    XL:     11   Next: 3%
Magic:  4/27       EV: 17    Int: 18    God:    Wu Jian [***...]
Gold:   248        SH:  5    Dex: 12    Spells: 4/20 levels left

rFire    . . .     SeeInvis .   a - +0 whip (elec)
rCold    . . .     Gourm    .   D - +0 buckler
rNeg     . . .     Faith    .   (armour unavailable)
rPois    .         Spirit   .   (helmet restricted)
rElec    .         Reflect  .   (no cloak)
rCorr    .         Harm     .   (no gloves)
MR       .....                  F - +1 pair of boots
Stlth    ++........             (no amulet)
HPRegen  1.25/turn              k - ring of magical power
MPRegen  0.20/turn              N - +5 ring of strength

@: short of breath, regenerating, hasted, very quick
A: breathe steam, unfitting armour, frail 1, sense surroundings 1, shaggy fur 1,
strong 1, cold-blooded, AC +7
a: Breathe Steam, Renounce Religion


You were in an ice cave.
You worshipped Wu Jian.
Wu Jian was most pleased with you.
You were not hungry.

You visited 3 branches of the dungeon, and saw 11 of its levels.
You also visited: Ice Cave.

You collected 458 gold pieces.
You spent 210 gold pieces at shops.

Inventory:

Hand Weapons
 a - a +0 whip of electrocution (weapon)
   (You took it off Pikel on level 8 of the Dungeon)
 b - a +1 dagger of venom
   (You took it off a goblin on level 3 of the Dungeon)
 q - a +0 scimitar
 s - a +0 short sword
 y - a -1 quarterstaff
 z - a +2 long sword of slicing
   (You found it on level 4 of the Dungeon)
 A - a cursed +2 war axe
 B - a +2 halberd of chopping
   (You took it off a wight on level 8 of the Dungeon)
Missiles
 o - 167 arrows
 H - 7 javelins (quivered)
 O - 8 curare-tipped needles
Armour
 D - a +0 buckler (worn)
 F - a +1 pair of boots (worn)
Jewellery
 k - a ring of magical power (left hand)
   (You found it on level 4 of the Dungeon)
 n - an uncursed ring of magical power
   (You found it on level 8 of the Dungeon)
 N - a +5 ring of strength (right hand)
   (You found it on level 8 of the Dungeon)
Wands
 p - a wand of lightning (3/15)
 w - a wand of lightning (0/15)
Scrolls
 d - a scroll of recharging
 e - 2 scrolls of amnesia
 i - a scroll of enchant armour
 l - 3 scrolls of remove curse
 m - a scroll of enchant weapon {unknown}
 v - a scroll of magic mapping
 x - a scroll of teleportation
 I - a scroll of blinking
Potions
 g - a potion of flight
 h - 3 potions of lignification
 j - 2 potions of haste
 r - a potion of curing
 G - 2 potions of brilliance
 K - a potion of degeneration {unknown}
 M - a potion of magic {unknown}
 P - a potion of might
Books
 c - a book of Necromancy

   Spells                             Type                      Level
   a - Pain                           Necromancy                   1
   b - Animate Skeleton               Necromancy                   1
   c - Vampiric Draining              Necromancy                   3
   d - Regeneration                   Charms/Necromancy            3
   e - Animate Dead                   Necromancy                   4
   f - Control Undead                 Necromancy                   4
 J - a book of Conjurations
   (You found it on level 9 of the Dungeon)

   Spells                             Type                      Level
   a - Magic Dart                     Conjuration                  1
   b - Searing Ray                    Conjuration                  2
   c - Dazzling Spray                 Conjuration/Hexes            3
   d - Fulminant Prism                Conjuration/Hexes            4
   e - Force Lance                    Conjuration/Translocation    4
   f - Iskenderun's Mystic Blast      Conjuration                  4
Comestibles
 t - 2 royal jellies
 u - 3 meat rations
 E - 4 fruits
 L - 5 bread rations


   Skills:
 + Level 10.3 Fighting
 + Level 9.0 Dodging
 - Level 1.7 Stealth
 - Level 4.1 Shields
 - Level 5.0 Spellcasting
 - Level 8.1 Necromancy
 - Level 4.1 Evocations


You had 4 spell levels left.
You knew the following spells:

 Your Spells              Type           Power        Failure   Level  Hunger
n - Animate Skeleton      Necr           N/A          1%          1    None
r - Regeneration          Chrm/Necr      ###.......   8%          3    ##.....
u - Control Undead        Necr           ####......   4%          4    ####...
v - Vampiric Draining     Necr           ####......   1%          3    ##.....
z - Pain                  Necr           ####         1%          1    None
N - Animate Dead          Necr           N/A          4%          4    ####...


Dungeon Overview and Level Annotations

Branches:
Dungeon (9/15)             Temple (1/1) D:7            Lair (1/6) D:9
    Orc: D:9-12

Altars:
Cheibriados
Dithmenos
Elyvilon
Fedhas
Gozag
Kikubaaqudgha
Nemelex Xobeh
Okawaru
Ru
Sif Muna
Trog
Uskayaw
Vehumet
Wu Jian
Zin
The Shining One

Shops:
D:5 (   D:7 [=


Innate Abilities, Weirdness & Mutations

You can breathe blasts of scalding, opaque steam.
Your pale cyan-grey scales are hard. (AC +7)
You cannot fit into any form of body armour.
You are cold-blooded and may be slowed by cold attacks.
You are frail. (-10% HP)
You passively map a small area around you.
You are covered in fur. (AC +1)
Your muscles are strong. (Str +2)


Message History

* * * LOW HITPOINT WARNING * * *
The white imp misses you.
A white imp comes into view.
You feel better.
Your porcupine skeleton misses the white imp.
The white imp gestures at you. The puff of frost hits you!
* * * LOW HITPOINT WARNING * * *
The white imp gestures at you. The puff of frost misses you.
The basilisk gazes at you. You resist with some effort.
Your porcupine skeleton barely misses the white imp.
The white imp gestures at you. The puff of frost hits you!
The white imp gestures at you. The puff of frost hits you!
* * * LOW HITPOINT WARNING * * *
Found a stone staircase leading down.
Your porcupine skeleton barely misses the white imp.
You spin to attack the white imp, but your attack speed is too slow for a blow to land.
You block the white imp's attack. The white imp gestures at you.
The puff of frost hits you!
You spin and attack the white imp.
You hit the white imp.
The white imp is heavily wounded.
You spin and attack the white imp.
You hit the white imp.
The white imp is moderately wounded.
The white imp gestures at you. The puff of frost hits you!
* * * LOW HITPOINT WARNING * * *
The white imp hits you but does no damage.
There is a frozen archway here.
The white imp sputters.
The white imp hits you.
* * * LOW HITPOINT WARNING * * *
The white imp freezes you.
* * * LOW HITPOINT WARNING * * *
The white imp gestures at you. The puff of frost hits you!
* * * LOW HITPOINT WARNING * * *
You block the white imp's attack.
The world spins around you as you enter the gateway.
You enter an ice cave! 4 ice beasts come into view.
Found an ice covered gate leading back out of this place.
There is an ice choked empty arch of ancient stone here.
Evoke which item? (* to show all) (? for menu, Esc to quit)
Okay, then.
Okay, then.
Okay, then.
You feel yourself speed up.
Press: ? - help, Shift-Dir - straight line You exhale a blast of scalding steam.
You feel somewhat more hungry.
Casting: Animate Skeleton
Confirm with . or Enter, or press ? or * to list all spells.
Your skin crawls.
The ice beast is engulfed in a cloud of scalding steam. x2
Evoke which item? (* to show all) (? for menu, Esc to quit)
Aiming: Lightning Bolt
Press: ? - help, Shift-Dir - straight line, f - ice beast
Aim: an ice beast (severely wounded, hasn't noticed you)
You hear a mighty clap of thunder!
The bolt of lightning hits the ice beast.
The ice beast is moderately wounded.
The bolt of lightning hits the ice beast.
The ice beast is almost dead.
This wand has 5 charges left.
You hear an angry hiss.
Unknown command.
Evoke which item? (* to show all) (? for menu, Esc to quit)
Aiming: Lightning Bolt
Press: ? - help, Shift-Dir - straight line, f/p - ice beast
Aim: an ice beast (almost dead)
You hear a mighty clap of thunder!
The bolt of lightning hits the ice beast.
The ice beast is almost dead.
The bolt of lightning hits the ice beast.
You kill the ice beast!
The Council accepts your kill.
Your Dodging skill increases to level 9!
This wand has 4 charges left.
Evoke which item? (* to show all) (? for menu, Esc to quit)
Aiming: Lightning Bolt
Press: ? - help, Shift-Dir - straight line, f - ice beast
Aim: an ice beast (almost dead)
You hear a mighty clap of thunder!
The bolt of lightning hits the ice beast.
You kill the ice beast!
The Council accepts your kill.
This wand has 3 charges left.
You spin and attack the ice beast.
You hit the ice beast.
The ice beast is lightly wounded.
The ice beast misses you.
A rime drake comes into view.
You feel better.
The ice beast hits you but does no damage.
The rime drake breathes ice at you. The flash freeze hits you!
You die...

#####
##...##
##..∩..##
#.......#
#.YY∩...#
##.@...##
##...##
#...#
##...#
*#...#
...##
.k## ##


You could see a rime drake and 2 ice beasts.

Vanquished Creatures
  A two-headed ogre (D:9)
  A spiny frog (Lair:1)
  A troll (D:9)
  The ghost of tidbits the Grave Robber, an amateur DrNe (D:5)
  A hippogriff (D:9)
  6 yaks (D:9)
  A steam dragon (D:7)
  A hungry ghost (D:9)
  2 hell hounds (D:9)
  4 water moccasins (Lair:1)
  A porcupine (Lair:1)
  4 ice beasts
  A slave (D:8)
  A sky beast (D:9)
  2 orc warriors (D:8)
  4 necrophages (D:9)
  5 ogres
  A centaur (D:8)
  5 bullfrogs
  A wyvern zombie (D:8)
  2 scorpions
  7 wights (D:8)
  A howler monkey (D:4)
  A crimson imp (D:8)
  A bullfrog zombie (D:9)
  A quasit (D:9)
  2 orc priests
  A jelly (D:9)
  2 bullfrog skeletons
  6 hounds
  5 worker ants
  2 mummies (D:9)
  10 adders
  3 gnolls (D:7)
  A howler monkey skeleton (D:9)
  2 shadow imps
  8 white imps (Lair:1)
  An adder zombie (D:5)
  An adder skeleton (D:6)
  6 worms
  2 dart slugs (D:2)
  4 leopard geckos
  9 orcs
  3 giant cockroaches
  8 goblins
  8 hobgoblins
  13 jackals
  5 quokkas
  2 ball pythons
  8 bats
  4 frilled lizards
  4 kobolds
  6 rats
183 creatures vanquished.

Vanquished Creatures (collateral kills)
  Pikel (D:8)
  3 yaks (D:9)
  2 hungry ghosts
  An ogre (D:4)
  5 necrophages (D:9)
  A crocodile (D:9)
  A bullfrog (D:8)
  A wyvern zombie (D:9)
  A scorpion (D:8)
  3 wights
  A crimson imp (D:9)
  A hound (D:8)
  A jelly (D:9)
  An orc wizard (D:8)
  A worker ant (D:4)
  3 orcs (D:8)
27 creatures vanquished.

Vanquished Creatures (others)
  A slave (D:8)
  A hound zombie (D:9)
  A fungus (Lair:1)
3 creatures vanquished.

Grand Total: 213 creatures vanquished

Notes
Turn   | Place    | Note
-------+----------+-------------------------------------------
     0 | D:1      | tidbits the Draconian Necromancer began the quest for the Orb.
     0 | D:1      | Reached XP level 1. HP: 14/14 MP: 3/3
    16 | D:1      | Learned a level 1 spell: Animate Skeleton
   217 | D:1      | Reached XP level 2. HP: 17/20 MP: 1/5
   544 | D:2      | Reached XP level 3. HP: 22/26 MP: 1/6
   705 | D:1      | Learned a level 3 spell: Vampiric Draining
   976 | D:2      | Reached skill level 3 in Spellcasting
   976 | D:2      | Reached skill level 5 in Necromancy
   976 | D:2      | Reached XP level 4. HP: 22/33 MP: 3/8
   981 | D:2      | Learned a level 3 spell: Regeneration
  1013 | D:2      | Found a sparkling altar of Nemelex Xobeh.
  1271 | D:2      | Found an iron altar of Okawaru.
  1417 | D:3      | Found a deep blue altar of Sif Muna.
  1550 | D:4      | Reached XP level 5. HP: 24/38 MP: 6/10
  1577 | D:4      | Noticed an ogre
  1630 | D:4      | Killed an ogre
  1630 | D:4      | Reached skill level 6 in Necromancy
  1713 | D:3      | Found a bloodstained altar of Trog.
  1809 | D:3      | Reached XP level 6. HP: 35/45 MP: 6/11
  1979 | D:4      | Reached skill level 4 in Spellcasting
  1986 | D:4      | Learned a level 4 spell: Control Undead
  2108 | D:5      | Entered Level 5 of the Dungeon
  2114 | D:5      | Reached skill level 7 in Necromancy
  2219 | D:5      | Your scales start taking on a pale cyan-grey colour.
  2219 | D:5      | Reached XP level 7. HP: 31/50 MP: 5/13
  2295 | D:5      | Noticed tidbits's ghost (amateur DrNe)
  2308 | D:5      | Killed tidbits's ghost
  2338 | D:5      | Found Kairyf's Weapon Shoppe.
  2379 | D:5      | Reached skill level 8 in Necromancy
  2468 | D:6      | Reached skill level 5 in Spellcasting
  2474 | D:6      | Learned a level 4 spell: Animate Dead
  2525 | D:6      | Reached skill level 1 in Fighting
  2525 | D:6      | Reached skill level 2 in Dodging
  2579 | D:7      | Found Syhacada's Jewellery Boutique.
  2584 | D:7      | Found Enanim's Antique Armour Boutique.
  2602 | D:7      | Bought a pair of runed boots for 210 gold pieces
  2642 | D:7      | Found an ancient bone altar of Kikubaaqudgha.
  2652 | D:7      | Found a snail-covered altar of Cheibriados.
  2712 | D:7      | Reached skill level 2 in Fighting
  2758 | D:7      | Reached XP level 8. HP: 39/62 MP: 15/15
  2792 | D:7      | Reached skill level 3 in Fighting
  2792 | D:7      | Reached skill level 3 in Dodging
  2893 | D:7      | Reached skill level 4 in Fighting
  2932 | D:7      | Found a glowing silver altar of Zin.
  2933 | D:7      | Noticed an angel
  2949 | D:6      | Reached skill level 4 in Dodging
  2982 | D:6      | Found an ancient bone altar of Kikubaaqudgha.
  2996 | D:6      | Reached skill level 5 in Fighting
  3297 | D:7      | Found a staircase to the Ecumenical Temple.
  3305 | Temple   | Entered the Ecumenical Temple
  3379 | Temple   | Became a worshipper of the Wu Jian Council
  3462 | D:8      | Reached skill level 5 in Dodging
  3492 | D:8      | Reached skill level 6 in Fighting
  3492 | D:8      | Reached XP level 9. HP: 56/75 MP: 16/16
  3734 | D:9      | Reached * piety under Wu Jian
  3734 | D:9      | Reached skill level 6 in Dodging
  3747 | D:9      | Reached skill level 7 in Fighting
  3786 | D:9      | Noticed a two-headed ogre
  3807 | D:9      | Killed a two-headed ogre
  3807 | D:9      | Reached skill level 8 in Fighting
  3819 | D:9      | Reached skill level 7 in Dodging
  3883 | D:9      | Reached XP level 10. HP: 65/88 MP: 17/17
  3958 | D:9      | Reached skill level 9 in Fighting
  4046 | D:8      | Reached skill level 1 in Shields
  4081 | D:8      | Noticed Pikel
  4090 | D:8      | Killed Pikel
  4090 | D:8      | Reached ** piety under Wu Jian
  4090 | D:8      | Reached skill level 3 in Shields
  4186 | D:8      | Reached skill level 4 in Shields
  4295 | D:9      | Reached skill level 8 in Dodging
  4329 | D:9      | Gained mutation: You are covered in fur. (AC +1) [potion of mutation]
  4329 | D:9      | Gained mutation: You are frail. (-10% HP) [potion of mutation]
  4329 | D:9      | Gained mutation: Your muscles are strong. (Str +2) [potion of mutation]
  4329 | D:9      | Gained mutation: You passively map a small area around you. [potion of mutation]
  4407 | D:9      | Found a staircase to the Lair.
  4419 | D:9      | Reached skill level 10 in Fighting
  4447 | D:9      | Reached skill level 2 in Evocations
  4476 | D:9      | Reached skill level 3 in Evocations
  4518 | Lair:1   | Entered Level 1 of the Lair of Beasts
  4527 | Lair:1   | Reached skill level 4 in Evocations
  4563 | Lair:1   | Noticed a spiny frog
  4577 | Lair:1   | Reached *** piety under Wu Jian
  4579 | Lair:1   | Killed a spiny frog
  4580 | Lair:1   | Reached XP level 11. HP: 28/88 MP: 5/18
  4609 | Lair:1   | Found a frozen archway.
  4618 | Lair:1   | HP: 9/90 [white imp/puff of frost (7)]
  4619 | Lair:1   | HP: 3/90 [white imp (5)]
  4620 | IceCv    | Entered an ice cave
  4626 | IceCv    | Reached skill level 9 in Dodging
  4634 | IceCv    | Killed from afar by a rime drake

Vault maps used:
D:1:      lemuel_arrival_room, minmay_liquid_box
D:2:      lemuel_doored_altar, okawaru_metal_pillars_1_2
D:3:      led_sif_book, nicolae_overflow_hidden_temple, first_bread,
          grunt_decor_clamped
D:5:      tgw_xom, serial_shops, shop
D:6:      kennysheep_mini_moat, grunt_qazlal_sundering, elyvilon_altar_3
D:7:      nicolae_overflow_crystal_walls, zin_angel,
          minmay_temple_entry_crystal_x, serial_shops, nicolae_shop_crystal,
          nicolae_shop_waterfront, basic_altar
D:8:      uniq_pikel
D:9:      overflow_temple_1_default, minmay_lair_entry_lava, serial_undead,
          serial_undead_a, serial_undead_d, serial_undead_a, serial_undead_f
Temple:   nicolae_temple_figure_eight
Lair:1:   lightli_volcano_entry_magma_tube, portal_ice_cave_entry_imps,
          cheibrodos_lair_reptile_den, grunt_megastairs_2
IceCv:    ice_cave_small_dragons

Skill      XL: |  1  2  3  4  5  6  7  8  9 10 11 |
---------------+----------------------------------+-----
Spellcasting   | 3 4 5 |  5.0
Necromancy     | 5 6 7 8 |  8.1
Fighting       | 2 6 8 10 | 10.3
Dodging        | 2 5 7 8 9 |  9.0
Shields        | 4 |  4.1
Evocations     | 4 |  4.1
Stealth        | |  1.7

Action                   |  1- 3 |  4- 6 |  7- 9 | 10-12 || total
-------------------------+-------+-------+-------+-------++-------
Melee: Short sword       |    17 |    45 |       |       ||    62
       Tailslap          |     1 |    12 |    21 |    24 ||    58
       Dagger            |       |    67 |   143 |    32 ||   242
       Quarterstaff      |       |    10 |    27 |       ||    37
       Halberd           |       |       |     7 |       ||     7
       Whip              |       |       |       |   110 ||   110
 Cast: Pain              |    56 |    85 |     6 |       ||   147
       Animate Skeleton  |     1 |     8 |    10 |     8 ||    27
       Vampiric Draining |     4 |     2 |    11 |    16 ||    33
       Regeneration      |       |     2 |    12 |     5 ||    19
       Control Undead    |       |     3 |     6 |     2 ||    11
       Animate Dead      |       |       |       |     4 ||     4
 Abil: Breathe Steam     |       |       |    25 |    11 ||    36
Evoke: Wand              |       |       |     5 |     6 ||    11
  Use: Potion            |     2 |     1 |     4 |     7 ||    14
       Scroll            |       |    13 |     5 |     2 ||    20
 Stab: Sleeping          |       |       |     4 |       ||     4
       Distracted        |       |       |       |     1 ||     1
  Eat: Meat ration       |     1 |       |       |       ||     1
       Chunk             |       |     2 |    11 |     9 ||    22
       Fruit             |       |       |     2 |       ||     2
       Royal jelly       |       |       |     1 |       ||     1
Armor: Skin              |    23 |    55 |    46 |    32 ||   156
Dodge: Dodged            |    28 |    98 |   108 |   109 ||   343
Block: Buckler           |       |       |       |    37 ||    37

Table legend:
 A = Spawn XP
 B = Non-spawn XP
 C = Spawn XP percentage of total XP
 D = Spawn monster count
 E = Non-spawn monster count
 F = Spawn count percentage of total count
 G = Total turns spent on level
                    A         B        C        D         E        F      G
               +---------+---------+-------+---------+---------+-------+---------
         Total |       0 |   11333 |   0.0 |       0 |     210 |   0.0 |  4634
               +---------+---------+-------+---------+---------+-------+---------
           D:1 |       0 |      45 |   0.0 |       0 |      21 |   0.0 |   779
           D:2 |       0 |      97 |   0.0 |       0 |      26 |   0.0 |   601
           D:3 |       0 |      69 |   0.0 |       0 |      19 |   0.0 |   340
           D:4 |       0 |     366 |   0.0 |       0 |      16 |   0.0 |   539
           D:5 |       0 |     629 |   0.0 |       0 |      10 |   0.0 |   383
           D:6 |       0 |     539 |   0.0 |       0 |       8 |   0.0 |   261
           D:7 |       0 |     725 |   0.0 |       0 |      14 |   0.0 |   426
           D:8 |       0 |    2391 |   0.0 |       0 |      37 |   0.0 |   556
           D:9 |       0 |    4999 |   0.0 |       0 |      40 |   0.0 |   532
        Lair:1 |       0 |    1208 |   0.0 |       0 |      17 |   0.0 |   102
         IceCv |       0 |     265 |   0.0 |       0 |       2 |   0.0 |    14
               +---------+---------+-------+---------+---------+-------+---------

Table legend:
 A = Turns spent in this place as a percentage of turns spent in the entire game.
 B = Non-inter-level travel turns spent in this place as a percentage of non-inter-level travel turns spent in the entire game.
 C = Inter-level travel turns spent in this place as a percentage of turns spent in this place.
 D = Turns resting spent in this place as a percentage of non-inter-level travel turns spent in this place.
 E = Turns spent auto-exploring this place as a percentage of non-inter-level travel turns spent in this place.
 F = Non-inter-level travel turns spent in this place divided by the number of levels of this place that you've seen.
                   A       B       C       D       E      F
               +-------+-------+-------+-------+-------+----------------------
         Total | 100.0 | 100.0 |   5.9 |   0.0 |   0.0 | 363.2
       Dungeon |  95.3 |  95.6 |   5.7 |   0.0 |   0.0 | 463.0
        Temple |   2.2 |   1.7 |  24.8 |   0.0 |   0.0 |  76.0
          Lair |   2.2 |   2.3 |   0.0 |   0.0 |   0.0 | 102.0
      Ice Cave |   0.3 |   0.3 |   0.0 |   0.0 |   0.0 |  14.0
               +-------+-------+-------+-------+-------+----------------------

Table legend:
 A = Kills in this place as a percentage of kills in entire the game.
 B = Kills by you in this place as a percentage of kills by you in the entire game.
 C = Kills by friends in this place as a percentage of kills by friends in the entire game.
 D = Other kills in this place as a percentage of other kills in the entire game.
 E = Experience gained in this place as a percentage of experience gained in the entire game.
 F = Experience gained in this place divided by the number of levels of this place that you have seen.
                   A       B       C       D       E      F
               +-------+-------+-------+-------+-------+----------------------
         Total | 100.0 | 100.0 | 100.0 | 100.0 | 100.0 | 944.4
       Dungeon |  91.0 |  89.6 | 100.0 | 100.0 |  87.0 | 1095.6
          Lair |   8.1 |   9.3 |   0.0 |   0.0 |  10.7 | 1208.0
      Ice Cave |   1.0 |   1.1 |   0.0 |   0.0 |   2.3 | 265.0
               +-------+-------+-------+-------+-------+----------------------

Vault maps used:
D:1:      lemuel_arrival_room, minmay_liquid_box
D:2:      lemuel_doored_altar, okawaru_metal_pillars_1_2
D:3:      led_sif_book, nicolae_overflow_hidden_temple, first_bread,
          grunt_decor_clamped
D:5:      tgw_xom, serial_shops, shop
D:6:      kennysheep_mini_moat, grunt_qazlal_sundering, elyvilon_altar_3
D:7:      nicolae_overflow_crystal_walls, zin_angel,
          minmay_temple_entry_crystal_x, serial_shops, nicolae_shop_crystal,
          nicolae_shop_waterfront, basic_altar
D:8:      uniq_pikel
D:9:      overflow_temple_1_default, minmay_lair_entry_lava, serial_undead,
          serial_undead_a, serial_undead_d, serial_undead_a, serial_undead_f
Temple:   nicolae_temple_figure_eight
Lair:1:   lightli_volcano_entry_magma_tube, portal_ice_cave_entry_imps,
          cheibrodos_lair_reptile_den, grunt_megastairs_2
IceCv:    ice_cave_small_dragons
